 Dungeon Crawl Stone Soup version 0.27.1-34-g3ba077fa99 (webtiles) character file.

Game seed: 3716460209172188236

10453 pkoi the Brawler (level 11, -5/80 HPs)
             Began as a Red Draconian Monk on Jan 12, 2022.
             Was an Elder of Hepliaklqana.
             Killed from afar by a gargoyle (11 damage)
             ... with a stone arrow
             ... on level 11 of the Dungeon.
             The game lasted 00:18:21 (15912 turns).

pkoi the Brawler (Red Draconian Monk)              Turns: 15912, Time: 00:18:22

Health: -5/80      AC:  4    Str: 15    XL:     11   Next: 36%
Magic:  14/14      EV: 13    Int: 13    God:    Hepliaklqana [****..]
Gold:   509        SH:  5    Dex: 13    Spells: 10/10 levels left

rFire    + . .     SeeInvis .     - Unarmed
rCold    . . .     Faith    .   (no shield)
rNeg     . . .     Spirit   .   (armour unavailable)
rPois    .         Reflect  +   (helmet restricted)
rElec    .         Harm     .   y - scarf {shadows}
rCorr    .         Rampage  .   d - +0 pair of gloves
Will     .....                  (no boots)
Stlth    ++........             j - amulet of reflection
HPRegen  0.23/turn              p - ring of flight
MPRegen  0.14/turn              (no ring)

@: short of breath, corroded, flying
A: reduced essence, breathe fire, AC +7, unfitting armour, fire resistance 1,
cold-blooded
a: Breathe Fire, Renounce Religion, Recall Ancestor, Ancestor Identity,
Transference, Idealise


You were on level 11 of the Dungeon.
You worshipped Hepliaklqana.
Hepliaklqana was greatly pleased with you.
You visited 2 branches of the dungeon, and saw 12 of its levels.
You also visited: Sewer.

You collected 652 gold pieces.
You spent 143 gold pieces at shops.

Inventory:

Hand Weapons
 t - a +4 spear
 F - a +2 whip of venom
Missiles
 b - 3 throwing nets
 g - 86 poisoned darts (quivered)
Armour
 d - a +0 pair of gloves (worn)
 o - a +1 cloak
 y - a scarf of shadows (worn)
Jewellery
 j - an amulet of reflection (around neck)
 p - a ring of flight (left hand)
 q - an amulet of regeneration
 u - a ring of fire
 H - a ring of ice
Wands
 i - a wand of paralysis (11)
 n - a wand of flame (43)
 r - a wand of mindburst (11)
 s - a wand of iceblast (10)
 E - a wand of acid (10)
Scrolls
 a - 8 scrolls of teleportation
 h - 2 scrolls of enchant weapon
 l - 7 scrolls of fog
 m - 4 scrolls of enchant armour
 w - 4 scrolls of magic mapping
 x - a scroll of summoning
 B - 2 scrolls of blinking
 I - a scroll of amnesia
Potions
 c - 3 potions of heal wounds
 e - 2 potions of lignification
 f - 7 potions of curing
 k - 5 potions of flight
 v - a potion of brilliance
 z - 2 potions of might
 A - 3 potions of invisibility
 C - a potion of haste
 D - a potion of ambrosia
 G - 2 potions of resistance
 K - a potion of magic


   Skills:
 - Level 6.0 Fighting
 - Level 5.0 Dodging
 - Level 1.7 Stealth
 + Level 15.2 Unarmed Combat
 + Level 4.9 Invocations
 - Level 3.0 Evocations


You had 10 spell levels left.
You didn't know any spells.
Your spell library contained the following spells:

 Spells                   Type           Power      Damage    Failure   Level
 Magic Dart               Conj           0%         1d3       30%         1
 Call Imp                 Summ           0%         N/A       43%         2
 Frozen Ramparts          Ice            0%         1d2       67%         3
 Mephitic Cloud           Conj/Pois/Air  0%         N/A       67%         3
 Ice Form                 Ice/Tmut       0%         N/A       97%         4
 Summon Ice Beast         Ice/Summ       0%         N/A       97%         4
 Fireball                 Conj/Fire      0%         3d3       100%        5
 Iskenderun's Battlesphe  Conj           0%         2d6       100%        5
 Conjure Ball Lightning   Conj/Air       0%         3x3d6     100%        6
 Starburst                Conj/Fire      0%         6d3       100%        6
 Orb of Destruction       Conj           0%         N/A       100%        7
 Ignition                 Fire           0%         3d3       100%        8


Dungeon Overview and Level Annotations

Branches:
Dungeon (11/15)            Temple (1/1) D:6            Lair (0/6) D:8
    Orc (0/2) D:10          Sewer (visited)

Altars:
Ashenzari
Cheibriados
Dithmenos
Elyvilon
Fedhas
Gozag
Hepliaklqana
Kikubaaqudgha
Makhleb
Nemelex Xobeh
Okawaru
Qazlal
Ru
Sif Muna
Trog
Uskayaw
Vehumet
Wu Jian
Xom
Yredelemnul
Zin
The Shining One

Shops:
D:10 ![

Annotations:
D:5 2 transporters, DemonSlayer's ghost, amateur DsBe
D:7 3 runed translucent doors, dnasty's ghost, novice DjFE
D:9 2 runed translucent doors, dnasty's ghost, journeyman MiFi
D:10 2 transporters, zeram's ghost, journeyman SpEn


Innate Abilities, Weirdness & Mutations

Your life essence is reduced to manifest your ancestor. (-10% HP)
You can breathe blasts of fire.
Your fiery red scales are hard. (AC +7)
You cannot fit into any form of body armour.
Your flesh is heat resistant. (rF+)
You are cold-blooded and may be slowed by cold attacks.


Message History

You block the troll's attack.
You hit the troll.
You kill the troll!
You swap places.
You start resting.
You have got your breath back.
You start resting.
HP restored.
You swap places.
Found a sparkling altar of Nemelex Xobeh.
Found 15 stones.
There is an open door here.
You swap places.
There is an open door here.
Key pressed, stopping explore.
A gargoyle comes into view. It is wielding a +0 flail.
The gargoyle hits you with a +0 flail!
Found a scroll of enchant weapon.
The gargoyle hits you with a +0 flail!
Press: ? - help, Shift-Dir - straight line, f - gargoyle
Aim: a gargoyle, wielding a +0 flail (ally target)
You breathe a blast of fire.
The fiery breath hits the gargoyle!
The gargoyle is moderately damaged.
The acid dragon roars!
The acid dragon spits acid at you. The splash of acid hits you.
You are splashed with acid!
Kendra hits the gargoyle but does no damage.
The gargoyle hits you with a +0 flail!!
* * * LOW HITPOINT WARNING * * *
You closely miss the gargoyle.
The gargoyle is moderately damaged.
The acid dragon spits acid at you. The splash of acid hits you.
* * * LOW HITPOINT WARNING * * *
The acid corrodes you!
You are splashed with acid!
* * * LOW HITPOINT WARNING * * *
Kendra barely misses the gargoyle.
The gargoyle is engulfed in blazing flames.
The gargoyle hurls a stone arrow at you.
The stone arrow hits you!
You die...

# ##.....## ## .# ..
.#### .# ....#####
#?#### ........######
......
######.......####......
# ######....R9...... #
######@...... #.......
##...... ##### ......
....## ...... .##..##
#..D.. ####..# #....
#..##.# ...##.#


You could see the friendly Kendra the knight, an acid dragon and a gargoyle
(ally target).

Vanquished Creatures
  A two-headed ogre (D:10)
  2 trolls
  2 polar bears
  A shadow (D:9)
  15 yaks
  2 wraiths
  2 vampire mosquitoes (D:11)
  2 acid dragons
  A water moccasin (D:7)
  2 orc warriors (D:8)
  A sky beast (D:6)
  An ice beast (D:7)
  A hornet zombie (D:6)
  A black bear (D:8)
  4 ogres
  3 centaurs
  3 kobold brigands
  3 bullfrogs
  2 scorpions
  A killer bee (D:10)
  2 bullfrog zombies
  2 orc priests
  2 hounds
  A centaur skeleton (D:6)
  2 gnoll shamans
  5 orc wizards
  A howler monkey zombie (D:9)
  A howler monkey skeleton (D:6)
  13 gnolls
  5 adders
  A shadow imp (D:6)
  An ufetubus (D:4)
  An adder skeleton (D:4)
  5 worms
  4 dart slugs
  24 orcs
  11 endoplasms
  10 giant cockroaches
  6 goblins
  7 hobgoblins
  8 jackals
  5 quokkas
  8 ball pythons
  17 bats
  5 frilled lizards
  17 kobolds
  8 rats
222 creatures vanquished.

Vanquished Creatures (collateral kills)
  Erolcha (D:9)
  A two-headed ogre (D:10)
  An unseen horror (D:10)
  A wyvern (D:9)
  5 yaks
  A water moccasin (D:8)
  A black bear (D:8)
  A hornet zombie (D:7)
  4 bullfrogs (D:8)
  6 killer bees
  A centaur zombie (D:10)
  A gnoll shaman (D:8)
  2 orc wizards (D:8)
  4 gnolls
  2 orcs (D:8)
  8 kobolds
40 creatures vanquished.

Vanquished Creatures (others)
  3 knights
  An orc wizard (D:9)
  25 fungi (D:8)
  17 plants (D:8)
46 creatures vanquished.

Grand Total: 308 creatures vanquished

Notes
Turn   | Place    | Note
-------+----------+-------------------------------------------
     0 | D:1      | pkoi the Draconian Monk began the quest for the Orb.
     0 | D:1      | Reached XP level 1. HP: 19/19 MP: 1/1
    87 | D:1      | Reached XP level 2. HP: 26/26 MP: 2/2
   161 | D:1      | Reached skill level 4 in Unarmed Combat
   438 | D:1      | Reached XP level 3. HP: 30/31 MP: 3/3
   795 | D:1      | Found a faded altar of an unknown god.
  1518 | D:2      | Reached skill level 5 in Unarmed Combat
  1518 | D:2      | Reached XP level 4. HP: 36/38 MP: 4/4
  2121 | D:3      | Found a glowing drain.
  2134 | Sewer    | Entered a sewer
  3297 | D:3      | Reached XP level 5. HP: 33/45 MP: 5/5
  3816 | D:3      | Reached skill level 6 in Unarmed Combat
  5051 | D:4      | Reached XP level 6. HP: 50/51 MP: 6/6
  5092 | D:5      | Entered Level 5 of the Dungeon
  5097 | D:5      | Found a transporter.
  5099 | D:5      | Found a transporter.
  5107 | D:5      | Reached skill level 7 in Unarmed Combat
  5424 | D:5      | Reached skill level 8 in Unarmed Combat
  5474 | D:5      | Your scales start taking on a fiery red colour.
  5474 | D:5      | Reached XP level 7. HP: 28/57 MP: 7/7
  5474 | D:5      | Gained mutation: Your flesh is heat resistant. (rF+) [Red
                  | Draconian growth]
  5740 | D:5      | Reached skill level 9 in Unarmed Combat
  6042 | D:5      | Noticed DemonSlayer's ghost (amateur DsBe)
  6486 | D:6      | Found a staircase to the Ecumenical Temple.
  6510 | Temple   | Entered the Ecumenical Temple
  6914 | Temple   | Became a worshipper of Hepliaklqana the Forgotten
  6914 | Temple   | Reached * piety under Hepliaklqana
  6914 | Temple   | Reached ** piety under Hepliaklqana
  6931 | D:6      | Remembered your ancestor Kendra as a knight
  6994 | D:6      | Found a sparkling altar of Nemelex Xobeh.
  7389 | D:6      | Reached XP level 8. HP: 56/56 MP: 8/8
  7603 | D:6      | Reached skill level 1 in Evocations
  7836 | D:6      | Identified the +8 quarterstaff "Hyovixun" {chaos, Fragile
                  | rF+ rC+}
  8150 | D:7      | Found a runed translucent gate.
  8150 | D:7      | Found a runed translucent gate.
  8150 | D:7      | Found a runed translucent gate.
  8150 | D:7      | Noticed dnasty's ghost (novice DjFE)
  8207 | D:7      | Found a basalt altar of Yredelemnul.
  8213 | D:7      | Reached skill level 10 in Unarmed Combat
  8852 | D:7      | Found a glowing silver altar of Zin.
  9891 | D:8      | Reached skill level 11 in Unarmed Combat
 10019 | D:8      | Reached XP level 9. HP: 52/63 MP: 9/9
 10355 | D:8      | Reached skill level 12 in Unarmed Combat
 10683 | D:8      | Reached *** piety under Hepliaklqana
 10847 | D:8      | Found a staircase to the Lair.
 11159 | D:9      | Reached skill level 13 in Unarmed Combat
 11220 | D:9      | Noticed a troll
 11225 | D:9      | Noticed Erolcha
 11226 | D:9      | Killed a troll
 11599 | D:9      | Found a large runed translucent door.
 11599 | D:9      | Found a large runed translucent door.
 11603 | D:9      | Noticed dnasty's ghost (journeyman MiFi)
 11937 | D:9      | Killed Erolcha
 11938 | D:9      | Reached XP level 10. HP: 56/70 MP: 10/10
 12117 | D:9      | Found an ancient bone altar of Kikubaaqudgha.
 12135 | D:9      | Reached skill level 14 in Unarmed Combat
 12136 | D:9      | Found an opulent altar of Gozag.
 12137 | D:9      | Found a snail-covered altar of Cheibriados.
 12553 | D:10     | Entered Level 10 of the Dungeon
 12560 | D:9      | Reached skill level 1 in Invocations
 13292 | D:10     | Found a transporter.
 13296 | D:10     | Noticed a two-headed ogre
 13298 | D:10     | Noticed a cyclops
 13300 | D:10     | Noticed zeram's ghost (journeyman SpEn)
 13301 | D:10     | Noticed a moth of wrath
 13327 | D:10     | Found a staircase to the Orcish Mines.
 13353 | D:10     | Found a transporter.
 13407 | D:10     | Found Geot Hupt's Armour Boutique.
 13419 | D:10     | Noticed a two-headed ogre
 13424 | D:10     | Killed a two-headed ogre
 13425 | D:10     | Reached skill level 5 in Fighting
 13490 | D:10     | Noticed a two-headed ogre
 13868 | D:10     | Found a bloodstained altar of Trog.
 13916 | D:10     | Reached skill level 5 in Dodging
 14200 | D:10     | Found Qetal's Distillery.
 14209 | D:10     | Bought a potion of lignification for 33 gold pieces
 14209 | D:10     | Bought a potion of resistance for 110 gold pieces
 14236 | D:10     | Reached XP level 11. HP: 64/80 MP: 13/13
 14337 | D:10     | Killed a two-headed ogre
 14626 | D:10     | Reached **** piety under Hepliaklqana
 14657 | D:11     | Noticed a green ugly thing
 14663 | D:11     | Noticed a skeletal warrior
 14773 | D:11     | Reached skill level 15 in Unarmed Combat
 15823 | D:11     | Found a sparkling altar of Nemelex Xobeh.
 15912 | D:11     | Killed from afar by a gargoyle

Illustrated notes

Levels and vault maps discovered:
D:1:      dpeg_arrival_subterranean_lakeside_camping, layout_basic,
          ebering_ecumenical_altar_sacrificial, minmay_worlds_worst_comb
D:2:      layout_basic
D:3:      layout_loops_corners, cheibrodos_sewer_entry_bend
D:4:      layout_rooms
D:5:      layout_rooms, gammafunk_ghost_hive
D:6:      layout_loops_ring, mainiacjoe_overflow_alcove_1,
          minmay_temple_entry_arrows
D:7:      layout_layer_cave, mainiacjoe_overflow_six_doors_small,
          nicolae_yredelemnul_ghost_church
D:8:      layout_cave_pools, due_lair_maze_entry_diamond, item_on_display_a
D:9:      layout_basic, minitemple, ebering_ghost_disaster_area, uniq_erolcha
D:10:     layout_roguey, trog_ov_bears_minmay, orc_0_dummy, serial_shops, shop,
          shop_statue, gammafunk_ghost_wrathful_warriors
D:11:     cheibrodos_elevator_heist, layout_cave_pods,
          nemelex_lonely_heart_becter, uniq_erica
Temple:   regret_index_temple_generic_petals

Skill      XL: |  1  2  3  4  5  6  7  8  9 10 11 |
---------------+----------------------------------+-----
Unarmed Combat | 4 5 6 8 9 11 13 14 15 | 15.2
Dodging        | 3 5 |  5.0
Evocations     | 3 |  3.0
Fighting       | 4 6 |  6.0
Invocations    | 3 4 |  4.9
Stealth        | |  1.7

Action                   |  1- 3 |  4- 6 |  7- 9 | 10-12 || total
-------------------------+-------+-------+-------+-------++-------
Melee: Unarmed           |   143 |   287 |   210 |   174 ||   814
       Tailslap          |    14 |    27 |    17 |    21 ||    79
       Punch             |     2 |     4 |     7 |     9 ||    22
Invok: Ancestor Life: Kn |       |       |     1 |       ||     1
       Ancestor Identity |       |       |     1 |       ||     1
 Abil: Breathe Fire      |       |       |    13 |     9 ||    22
  Use: Scroll            |       |    12 |     3 |     4 ||    19
       Potion            |       |     2 |     2 |       ||     4
 Stab: Sleeping          |     7 |     2 |     2 |       ||    11
       Distracted        |       |       |     1 |     5 ||     6
Armor: Skin              |    43 |    82 |    53 |    37 ||   215
Dodge: Dodged            |   109 |   152 |    87 |    90 ||   438
Block: Other             |       |    46 |    38 |    46 ||   130
       Reflection        |       |     2 |     4 |     2 ||     8
